Workbook

Sheet Plan. Orçamentária
A1: PREFEITURA MUNICIPAL Secretaria de Obras e Serviços Urbanos
A4: OBRA POR EXECUÇÃO INDIRETA
A5: Setor requisitante: Secretaria Municipal de Obras e Serviços Urbanos
A6: Objeto: | C6: Reforma do telhado do Museu Municipal de Arte e História de Nova Era | G6: BDI: | H6: =BDI!J27 -> 0.31406425 | I6: =TODAY() -> 44799
A8: PLANILHA ORÇAMENTÁRIA
A9: Item | B9: Preço Referência | C9: Fonte | D9: Descrição | E9: Qtde. | F9: Unidade | G9: Preço unitário sem BDI | H9: Preço unitário com BDI | I9: P. Total
A10: 1 | D10: MOBILIZAÇÃO, DESMOBILIZAÇÃO E CANTEIRO DE OBRAS
A11: 1.1 | D11: MOBILIZAÇÃO E DESMOBILIZAÇÃO
A12: 1.1.1 | B12: ED-50392 | C12: SETOP (JUN/2022) | D12: Mobilização e desmobilização de obra - para obras com o valor até R$1.000.000,00 - 0,5% do custo direto da obra | E12: 1 | F12: VB | H12: =(G12+(G12*$H$6)) -> 0 | I12: =E12*H12 -> 0
A13: SUB-TOTAL (Item 1.1): | I13: =SUM(I12) -> 0
A14: 1.2 | D14: CANTEIRO DE OBRAS
A15: 1.2.1 | B15: ED-50152 | C15: SETOP (JUN/2022) | D15: Fornecimento e colocação de placa de obra em chapa galvanizada (3,00 x 1,50 m) - incluindo dispositivos de fixação, chapa galvanizada 0,26, estrutura metálica viga U 2" enrijecida com metalon 20 x 20, suporte em eucalipto autoclavado, conforme modelo da Prefeitura | E15: ='Plan. Orçamentária - Mem. Cálc.'!J21 -> 1 | F15: UN | H15: =(G15+(G15*$H$6)) -> 0 | I15: =E15*H15 -> 0
A16: SUB-TOTAL (Item 1.2): | I16: =SUM(I15) -> 0
A17: 1.3 | D17: ADMINISTRAÇÃO LOCAL
A18: 1.3.1 | B18: CO-27339 | C18: SETOP (JUN/2022) | D18: Engenheiro/Arquiteto Júnior | E18: ='Plan. Orçamentária - Mem. Cálc.'!J26 -> 66 | F18: H | H18: =(G18+(G18*$H$6)) -> 0 | I18: =E18*H18 -> 0
A19: 1.3.2 | B19: ED-21776 | C19: SETOP (JUN/2022) | D19: Encarregado geral de obras com encargos complementares | E19: ='Plan. Orçamentária - Mem. Cálc.'!J30 -> 3 | F19: MÊS | H19: =(G19+(G19*$H$6)) -> 0 | I19: =E19*H19 -> 0
A20: SUB-TOTAL (Item 1.2): | I20: =SUM(I18:I19) -> 0
A21: TOTAL (Item 1) - MOBILIZAÇÃO, DESMOBILIZAÇÃO E CANTEIRO DE OBRAS | I21: =SUM(I13,I16,I20) -> 0
A22: 2 | D22: REFORMA DE TELHADO
A23: 2.1 | B23: ED-48513 | C23: SETOP (JUN/2022) | D23: Remoção de telha cerâmica colonial ou francesa, inclusive afastamento e empilhamento. | E23: ='Plan. Orçamentária - Mem. Cálc.'!J43 -> 318.83553 | F23: M2 | H23: =(G23+(G23*$H$6)) -> 0 | I23: =E23*H23 -> 0
A24: 2.2 | B24: ED-48457 | C24: SETOP (JUN/2022) | D24: Demolição de engradamento de telha cerâmica para reaproveitamento | E24: ='Plan. Orçamentária - Mem. Cálc.'!J47 -> 318.83553 | F24: M2 | H24: =(G24+(G24*$H$6)) -> 0 | I24: =E24*H24 -> 0
A25: 2.3 | B25: ED-48421 | C25: SETOP (JUN/2022) | D25: Cobertura em telha cerâmica colonial curva, conforme o padrão do local | E25: ='Plan. Orçamentária - Mem. Cálc.'!J59 -> 320.81711 | F25: M2 | H25: =(G25+(G25*$H$6)) -> 0 | I25: =E25*H25 -> 0
A26: 2.4 | B26: 94219 | C26: SINAPI (JUL/2022) | D26: Cumeeira e espigão para telha cerâmica emboçada com argamassa traço 1:2:9 (cimento, cal e areia), para telhados com mais de 2 águas, incluso transporte vertical | E26: ='Plan. Orçamentária - Mem. Cálc.'!J69 -> 62.361184 | F26: M | H26: =(G26+(G26*$H$6)) -> 0 | I26: =E26*H26 -> 0
A27: 2.5 | B27: Composição 001 | C27: Composição | D27: Instalação de calha tipo água furtada de chapa galvanizada nº.26 GSG ,desenvolvimento = 50 cm | E27: ='Plan. Orçamentária - Mem. Cálc.'!J73 -> 4.6146155 | F27: M | H27: =(G27+(G27*$H$6)) -> 0 | I27: =E27*H27 -> 0
A28: 2.6 | B28: ED-48406 | C28: SETOP (JUN/2022) | D28: Emboçamento da última fiada de telha cerâmica com argamassa de cimento, cal hidratada e areia sem penerar, no traço 1:2:9 e utilização de pigmento em pó Xadrez ou similar | E28: ='Plan. Orçamentária - Mem. Cálc.'!J77 -> 4.6146155 | F28: M | H28: =(G28+(G28*$H$6)) -> 0 | I28: =E28*H28 -> 0
A29: 2.7 | B29: ED-8346 | C29: SETOP (JUN/2022) | D29: Encunhamento de alvenaria de vedação com argamassa, inclusive aditivo expansor para encunhamento | E29: ='Plan. Orçamentária - Mem. Cálc.'!J84 -> 84.87 | F29: M | H29: =(G29+(G29*$H$6)) -> 0 | I29: =E29*H29 -> 0
A30: 2.8 | B30: 92542 | C30: SINAPI (JUL/2022) | D30: Trama de madeira compostas por ripas, caibros e terças para telhados de mais que 2 águas para telha cerâmica, incluso transporte vertical | E30: ='Plan. Orçamentária - Mem. Cálc.'!J88 -> 320.81711 | F30: M2 | H30: =(G30+(G30*$H$6)) -> 0 | I30: =E30*H30 -> 0
A31: 2.9 | B31: 92262 | C31: SINAPI (JUL/2022) | D31: Instalação de tesoura (inteira ou meia), biapoiada, em madeira não aparelhada, para vãos maiores ou iguais a 10,0m e menores que 12,0m, incluso içamento | E31: ='Plan. Orçamentária - Mem. Cálc.'!J94 -> 4 | F31: UN | H31: =(G31+(G31*$H$6)) -> 0 | I31: =E31*H31 -> 0
A32: 2.10 | B32: Composição 002 | C32: Composição | D32: Execução de guarda pó com tabua de madeira aparelhada 2,5 x 25 cm, maçaranduba, angelim ou equivalente da região, inclusive fornecimento e transporte de todos os materiais | E32: ='Plan. Orçamentária - Mem. Cálc.'!J101 -> 50.922 | F32: M2 | H32: =(G32+(G32*$H$6)) -> 0 | I32: =E32*H32 -> 0
A33: 2.11 | B33: ED-48411 | C33: SETOP (JUN/2022) | D33: Peças de madeira em paraju 15 x 8 cm | E33: ='Plan. Orçamentária - Mem. Cálc.'!J105 -> 17.1 | F33: M | H33: =(G33+(G33*$H$6)) -> 0 | I33: =E33*H33 -> 0
A34: 2.12 | B34: Composição 003 | C34: Composição | D34: Moldura trabalhada nas extremidades dos caibros (peito de pombo) | E34: ='Plan. Orçamentária - Mem. Cálc.'!J109 -> 60 | F34: UN | H34: =(G34+(G34*$H$6)) -> 0 | I34: =E34*H34 -> 0
A35: 2.13 | B35: ED-48413 | C35: SETOP (JUN/2022) | D35: Peças de madeira em paraju 8 x 8 cm | E35: ='Plan. Orçamentária - Mem. Cálc.'!J114 -> 108 | F35: M | H35: =(G35+(G35*$H$6)) -> 0 | I35: =E35*H35 -> 0
A36: 2.14 | B36: ED-50677 | C36: SETOP (JUN/2022) | D36: Rufo e contra-rufo de chapa galvanizada Nº 24, desemvolvimento = 25cm | E36: ='Plan. Orçamentária - Mem. Cálc.'!J119 -> 5.9300941 | F36: M | H36: =(G36+(G36*$H$6)) -> 0 | I36: =E36*H36 -> 0
A37: 2.15 | B37: ED-50512 | C37: SETOP (JUN/2022) | D37: Pintura preservativa com cupinicida em madeira seca, duas (2) demãos | E37: ='Plan. Orçamentária - Mem. Cálc.'!J123 -> 320.81711 | F37: M2 | H37: =(G37+(G37*$H$6)) -> 0 | I37: =E37*H37 -> 0
A38: 2.16 | B38: Composição 004 | C38: Composição | D38: Amarração de todas as telha cerâmica tipo colonial/francesa com arame galvanizado tipo 18 BWG - 1,24mm | E38: ='Plan. Orçamentária - Mem. Cálc.'!J127 -> 320.81711 | F38: M2 | H38: =(G38+(G38*$H$6)) -> 0 | I38: =E38*H38 -> 0
A39: 2.17 | B39: RO-41431 | C39: SETOP (JUN/2022) | D39: Andaime em estrutura metálica tubular, incluindo fornecimento, montagem e transporte de todos os materiais | E39: ='Plan. Orçamentária - Mem. Cálc.'!J131 -> 711.8496 | F39: M3 | H39: =(G39+(G39*$H$6)) -> 0 | I39: =E39*H39 -> 0
A40: 2.18 | B40: RO-41432 | C40: SETOP (JUN/2022) | D40: Plataforma de madeira para andaimes, incluindo fornecimento, montagem e transporte de todos os materiais | E40: ='Plan. Orçamentária - Mem. Cálc.'!J135 -> 92.448 | F40: M2 | H40: =(G40+(G40*$H$6)) -> 0 | I40: =E40*H40 -> 0
A41: 2.19 | B41: ED-51125 | C41: SETOP (JUN/2022) | D41: Transporte de material demolido em caçamba | E41: ='Plan. Orçamentária - Mem. Cálc.'!J139 -> 7.1737995 | F41: M3 | H41: =(G41+(G41*$H$6)) -> 0 | I41: =E41*H41 -> 0
A42: SUB-TOTAL (Item 2): | I42: =SUM(I23:I41) -> 0
A43: 3 | D43: LIMPEZA DA OBRA
A44: 3.1 | B44: ED-50270 | C44: SETOP (JUN/2022) | D44: Limpeza permanente de obra - 01 servente x 4 horas diárias | E44: ='Plan. Orçamentária - Mem. Cálc.'!J144 -> 3 | F44: MÊS | H44: =(G44+(G44*$H$6)) -> 0 | I44: =E44*H44 -> 0
A45: 3.2 | B45: ED-50266 | C45: SETOP (JUN/2022) | D45: Limpeza final para entrega de obra | E45: ='Plan. Orçamentária - Mem. Cálc.'!J148 -> 303.16 | F45: M2 | H45: =(G45+(G45*$H$6)) -> 0 | I45: =E45*H45 -> 0
A46: SUB-TOTAL (Item 3): | I46: =SUM(I44:I45) -> 0
A47: TOTAL | I47: =SUM(I21,I42,I46) -> 0

Sheet Plan. Orçamentária - Mem. Cálc.
A1: PREFEITURA MUNICIPAL Secretaria de Obras e Serviços Urbanos
A4: OBRA POR EXECUÇÃO INDIRETA
A5: Setor requisitante: Secretaria Municipal de Obras e Serviços Urbanos
A6: Objeto: | B6: Reforma do telhado do Museu Municipal de Arte e História de Nova Era | H6: BDI: | I6: 0.3141 | J6: 44658
A8: MEMÓRIA DE CÁLCULO
A9: ='Plan. Orçamentária'!A10 -> 1 | B9: ='Plan. Orçamentária'!D10 -> MOBILIZAÇÃO, DESMOBILIZAÇÃO E CANTEIRO DE OBRAS
A10: ='Plan. Orçamentária'!A11 -> 1.1 | B10: ='Plan. Orçamentária'!D11 -> MOBILIZAÇÃO E DESMOBILIZAÇÃO
A11: ='Plan. Orçamentária'!A12 -> 1.1.1 | B11: ='Plan. Orçamentária'!D12 -> Mobilização e desmobilização de obra - para obras com o valor até R$1.000.000,00 - 0,5% do custo direto da obra
A12: Detalhe | D12: Custo direto da obra (com BDI) | F12: Custo direto da obra (sem BDI) | H12: Mobilização e desmobilização de obra - para obras com o valor até R$1.000.000,00 - 0,5% do custo direto da obra
A15: 0.5 | D15: =SUM('Plan. Orçamentária'!I16,'Plan. Orçamentária'!I20,'Plan. Orçamentária'!I42,'Plan. Orçamentária'!I46) -> 0 | F15: =D15-((D15*I6)) -> 0 | H15: =(A15*F15)/100 -> 0
A16: ="TOTAL - "&'Plan. Orçamentária'!F12 -> TOTAL - VB | J16: =SUM(H15) -> 0
A17: ='Plan. Orçamentária'!A14 -> 1.2 | B17: ='Plan. Orçamentária'!D14 -> CANTEIRO DE OBRAS
A18: ='Plan. Orçamentária'!A15 -> 1.2.1 | B18: ='Plan. Orçamentária'!D15 -> Fornecimento e colocação de placa de obra em chapa galvanizada (3,00 x 1,50 m) - incluindo dispositivos de fixação, chapa galvanizada 0,26, estrutura metálica viga U 2" enrijecida com metalon 20 x 20, suporte em eucalipto autoclavado, conforme modelo da Prefeitura
A19: Detalhe | D19: Extensão | E19: Largura | F19: Altura | G19: Quantidade | H19: Lados | I19: Área | J19: Total
A20: Obra de reforma - Telhado museu | G20: 1 | J20: =PRODUCT(D20:H20)-I20 -> 1
A21: ="TOTAL - "&'Plan. Orçamentária'!F15 -> TOTAL - UN | J21: =SUM(J20) -> 1
A22: ='Plan. Orçamentária'!A17 -> 1.3 | B22: ='Plan. Orçamentária'!D17 -> ADMINISTRAÇÃO LOCAL
A23: ='Plan. Orçamentária'!A18 -> 1.3.1 | B23: ='Plan. Orçamentária'!D18 -> Engenheiro/Arquiteto Júnior
A24: Detalhe | D24: Extensão | E24: Largura | F24: Altura | G24: Quantidade | H24: Meses | I24: Área | J24: Total
A25: Obra de reforma - Telhado museu | G25: =(1*22) -> 22 | H25: 3 | J25: =PRODUCT(D25:H25)-I25 -> 66
A26: ="TOTAL - "&'Plan. Orçamentária'!F18 -> TOTAL - H | J26: =SUM(J25) -> 66
A27: ='Plan. Orçamentária'!A19 -> 1.3.2 | B27: ='Plan. Orçamentária'!D19 -> Encarregado geral de obras com encargos complementares
A28: Detalhe | D28: Extensão | E28: Largura | F28: Altura | G28: Quantidade | H28: Lados | I28: Área | J28: Total
A29: Obra de reforma - Telhado museu | G29: 3 | J29: =PRODUCT(D29:H29)-I29 -> 3
A30: ="TOTAL - "&'Plan. Orçamentária'!F19 -> TOTAL - MÊS | J30: =SUM(J29) -> 3
A31: ='Plan. Orçamentária'!A22 -> 2 | B31: ='Plan. Orçamentária'!D22 -> REFORMA DE TELHADO
A32: ='Plan. Orçamentária'!A23 -> 2.1 | B32: ='Plan. Orçamentária'!D23 -> Remoção de telha cerâmica colonial ou francesa, inclusive afastamento e empilhamento.
A33: Detalhe | D33: Extensão | E33: Largura (Plano) | F33: Inclinação | G33: Largura (Inclinado) | H33: Lados | I33: Área | J33: Total
A34: Telhado principal - Água 1 | D34: 14.44 | E34: 7.17 | F34: 0.3593 | G34: =SQRT((E34^2)+((F34*E34)^2)) -> 7.6187669 | J34: =((SQRT((E34^2)+((E34*F34)^2)))*D34)/2 -> 55.007497
A35: Telhado principal - Água 2 | D35: 14.44 | E35: 7.17 | F35: 0.3593 | G35: =SQRT((E35^2)+((F35*E35)^2)) -> 7.6187669 | J35: =((SQRT((E35^2)+((E35*F35)^2)))*D35)/2 -> 55.007497
A36: Telhado principal - Água 3 | E36: 7.19 | F36: 0.3593 | G36: =SQRT((E36^2)+((F36*E36)^2)) -> 7.6400187 | I36: =((17.09+2.8)*G36)/2 -> 75.979986 | J36: =I36 -> 75.979986
A37: Telhado principal - Água 4 | E37: 7.19 | F37: 0.3593 | G37: =SQRT((E37^2)+((F37*E37)^2)) -> 7.6400187 | I37: =((17.09+2.8)*G37)/2 -> 75.979986 | J37: =I37 -> 75.979986
A38: Telhado anexo - Água 1 | D38: 4.03 | E38: 4.01 | F38: 0.1335 | G38: =SQRT((E38^2)+((F38*E38)^2)) -> 4.0455758 | J38: =((SQRT((E38^2)+((E38*F38)^2)))*D38)/2 -> 8.1518352
D39: 3.03 | E39: 4.01 | F39: 0.1335 | G39: =SQRT((E39^2)+((F39*E39)^2)) -> 4.0455758 | J39: =G39*D39 -> 12.258095
A40: Telhado anexo - Água 2 | D40: 7.93 | E40: 4.01 | F40: 0.1335 | G40: =SQRT((E40^2)+((F40*E40)^2)) -> 4.0455758 | J40: =((SQRT((E40^2)+((E40*F40)^2)))*D40)/2 -> 16.040708
A41: Telhado anexo - Água 3 | D41: 4.03 | E41: 4.01 | F41: 0.1335 | G41: =SQRT((E41^2)+((F41*E41)^2)) -> 4.0455758 | J41: =((SQRT((E41^2)+((E41*F41)^2)))*D41)/2 -> 8.1518352
D42: 3.03 | E42: 4.01 | F42: 0.1335 | G42: =SQRT((E42^2)+((F42*E42)^2)) -> 4.0455758 | J42: =G42*D42 -> 12.258095
A43: ="TOTAL - "&'Plan. Orçamentária'!F23 -> TOTAL - M2 | J43: =SUM(J34:J42) -> 318.83553
A44: ='Plan. Orçamentária'!A24 -> 2.2 | B44: ='Plan. Orçamentária'!D24 -> Demolição de engradamento de telha cerâmica para reaproveitamento
A45: Detalhe | D45: Extensão | E45: Largura | F45: Altura | G45: Quantidade | H45: Lados | I45: Área | J45: Total
A46: Obra de reforma - Telhado museu | I46: =J43 -> 318.83553 | J46: =PRODUCT(D46:I46) -> 318.83553
A47: ="TOTAL - "&'Plan. Orçamentária'!F24 -> TOTAL - M2 | J47: =SUM(J46) -> 318.83553
A48: ='Plan. Orçamentária'!A25 -> 2.3 | B48: ='Plan. Orçamentária'!D25 -> Cobertura em telha cerâmica colonial curva, conforme o padrão do local
A49: Detalhe | D49: Extensão | E49: Largura | F49: Altura | G49: Largura (Inclinado) | H49: Lados | I49: Área | J49: Total
A50: Telhado principal - Água 1 | D50: 14.44 | E50: 7.17 | F50: 0.3593 | G50: =SQRT((E50^2)+((F50*E50)^2)) -> 7.6187669 | J50: =((SQRT((E50^2)+((E50*F50)^2)))*D50)/2 -> 55.007497
A51: Telhado principal - Água 2 | D51: 14.44 | E51: 7.17 | F51: 0.3593 | G51: =SQRT((E51^2)+((F51*E51)^2)) -> 7.6187669 | J51: =((SQRT((E51^2)+((E51*F51)^2)))*D51)/2 -> 55.007497
A52: Telhado principal - Água 3 | E52: 7.19 | F52: 0.3593 | G52: =SQRT((E52^2)+((F52*E52)^2)) -> 7.6400187 | I52: =((17.09+2.8)*G52)/2 -> 75.979986 | J52: =I52 -> 75.979986
A53: Telhado principal - Água 4 | E53: 7.19 | F53: 0.3593 | G53: =SQRT((E53^2)+((F53*E53)^2)) -> 7.6400187 | I53: =((17.09+2.8)*G53)/2 -> 75.979986 | J53: =I53 -> 75.979986
A54: Telhado anexo - Água 1 | D54: 4.03 | E54: 4.01 | F54: 0.3 | G54: =SQRT((E54^2)+((F54*E54)^2)) -> 4.1865629 | J54: =((SQRT((E54^2)+((E54*F54)^2)))*D54)/2 -> 8.4359243
D55: 3.03 | E55: 4.01 | F55: 0.3 | G55: =SQRT((E55^2)+((F55*E55)^2)) -> 4.1865629 | J55: =G55*D55 -> 12.685286
A56: Telhado anexo - Água 2 | D56: 7.93 | E56: 4.01 | F56: 0.3 | G56: =SQRT((E56^2)+((F56*E56)^2)) -> 4.1865629 | J56: =((SQRT((E56^2)+((E56*F56)^2)))*D56)/2 -> 16.599722
A57: Telhado anexo - Água 3 | D57: 4.03 | E57: 4.01 | F57: 0.3 | G57: =SQRT((E57^2)+((F57*E57)^2)) -> 4.1865629 | J57: =((SQRT((E57^2)+((E57*F57)^2)))*D57)/2 -> 8.4359243
D58: 3.03 | E58: 4.01 | F58: 0.3 | G58: =SQRT((E58^2)+((F58*E58)^2)) -> 4.1865629 | J58: =G58*D58 -> 12.685286
A59: ="TOTAL - "&'Plan. Orçamentária'!F25 -> TOTAL - M2 | J59: =SUM(J50:J58) -> 320.81711
A60: ='Plan. Orçamentária'!A26 -> 2.4 | B60: ='Plan. Orçamentária'!D26 -> Cumeeira e espigão para telha cerâmica emboçada com argamassa traço 1:2:9 (cimento, cal e areia), para telhados com mais de 2 águas, incluso transporte vertical
A61: Detalhe | D61: Extensão (Plano) | E61: Largura | F61: Inclinação | G61: Extensão (Inclinado) | H61: Quantidade | I61: Área | J61: Total
A62: Telhado principal | D62: 10.22 | F62: 0.3593 | G62: =SQRT((D62^2)+((F62*D62)^2)) -> 10.859665 | J62: =G62 -> 10.859665
D63: 10.17 | F63: 0.3593 | G63: =SQRT((D63^2)+((F63*D63)^2)) -> 10.806535 | J63: =G63 -> 10.806535
D64: 10.1 | F64: 0.3593 | G64: =SQRT((D64^2)+((F64*D64)^2)) -> 10.732154 | J64: =G64 -> 10.732154
D65: 10.15 | F65: 0.3593 | G65: =SQRT((D65^2)+((F65*D65)^2)) -> 10.785284 | J65: =G65 -> 10.785284
D66: 2.8 | J66: =D66 -> 2.8
A67: Telhado anexo | D67: 5.65 | F67: 0.3 | G67: =SQRT((D67^2)+((F67*D67)^2)) -> 5.8987732 | H67: 2 | J67: =G67*H67 -> 11.797546
D68: 4.58 | J68: =D68 -> 4.58
A69: ="TOTAL - "&'Plan. Orçamentária'!F26 -> TOTAL - M | J69: =SUM(J62:J68) -> 62.361184
A70: ='Plan. Orçamentária'!A27 -> 2.5 | B70: ='Plan. Orçamentária'!D27 -> Instalação de calha tipo água furtada de chapa galvanizada nº.26 GSG ,desenvolvimento = 50 cm
A71: Detalhe | D71: Extensão (Plano) | E71: Largura | F71: Inclinação | G71: Extensão (Inclinado) | H71: Quantidade | I71: Área | J71: Total
A72: Telhado principal | D72: 2.21 | F72: 0.3 | G72: =SQRT((D72^2)+((F72*D72)^2)) -> 2.3073077 | H72: 2 | J72: =G72*H72 -> 4.6146155
A73: ="TOTAL - "&'Plan. Orçamentária'!F27 -> TOTAL - M | J73: =SUM(J72:J72) -> 4.6146155
A74: ='Plan. Orçamentária'!A28 -> 2.6 | B74: ='Plan. Orçamentária'!D28 -> Emboçamento da última fiada de telha cerâmica com argamassa de cimento, cal hidratada e areia sem penerar, no traço 1:2:9 e utilização de pigmento em pó Xadrez ou similar
A75: Detalhe | D75: Extensão | E75: Largura | F75: Altura | G75: Quantidade | H75: Lados | I75: Área | J75: Total
A76: Telhado principal | D76: =J73 -> 4.6146155 | J76: =PRODUCT(D76:H76)-I76 -> 4.6146155
A77: ="TOTAL - "&'Plan. Orçamentária'!F28 -> TOTAL - M | J77: =SUM(J76:J76) -> 4.6146155
A78: ='Plan. Orçamentária'!A29 -> 2.7 | B78: ='Plan. Orçamentária'!D29 -> Encunhamento de alvenaria de vedação com argamassa, inclusive aditivo expansor para encunhamento
A79: Detalhe | D79: Extensão | E79: Largura | F79: Altura | G79: Quantidade | H79: Lados | I79: Área | J79: Total
A80: Telhado principal | D80: 14.32 | H80: 2 | J80: =PRODUCT(D80:H80)-I80 -> 28.64
D81: 17.07 | H81: 2 | J81: =PRODUCT(D81:H81)-I81 -> 34.14
A82: Telhado anexo | D82: 7.06 | H82: 2 | J82: =PRODUCT(D82:H82)-I82 -> 14.12
D83: 7.97 | H83: 1 | J83: =PRODUCT(D83:H83)-I83 -> 7.97
A84: ="TOTAL - "&'Plan. Orçamentária'!F29 -> TOTAL - M | J84: =SUM(J80:J83) -> 84.87
A85: ='Plan. Orçamentária'!A30 -> 2.8 | B85: ='Plan. Orçamentária'!D30 -> Trama de madeira compostas por ripas, caibros e terças para telhados de mais que 2 águas para telha cerâmica, incluso transporte vertical
A86: Detalhe | D86: Extensão | E86: Largura | F86: Altura | G86: Quantidade | H86: Lados | I86: Área | J86: Total
A87: Obra de reforma - Telhado museu | I87: =J59 -> 320.81711 | J87: =PRODUCT(D87:I87) -> 320.81711
A88: ="TOTAL - "&'Plan. Orçamentária'!F30 -> TOTAL - M2 | J88: =SUM(J87) -> 320.81711
A89: ='Plan. Orçamentária'!A31 -> 2.9 | B89: ='Plan. Orçamentária'!D31 -> Instalação de tesoura (inteira ou meia), biapoiada, em madeira não aparelhada, para vãos maiores ou iguais a 10,0m e menores que 12,0m, incluso içamento
A90: Detalhe | D90: Extensão | E90: Largura | F90: Altura | G90: Quantidade | H90: Lados | I90: Área | J90: Total
A91: Telhado principal - 8m para reforço | G91: 2 | J91: =PRODUCT(D91:H91)-I91 -> 2
A92: Telhado principal - 11,5m | G92: 2 | J92: =PRODUCT(D92:H92)-I92 -> 2
A93: Telhado anexo - 4,70m | G93: 2 | J93: =PRODUCT(D93:H93)-I93 -> 2
A94: ="TOTAL - "&'Plan. Orçamentária'!F31 -> TOTAL - UN | J94: =SUM(J91:J92) -> 4
A95: ='Plan. Orçamentária'!A32 -> 2.10 | B95: ='Plan. Orçamentária'!D32 -> Execução de guarda pó com tabua de madeira aparelhada 2,5 x 25 cm, maçaranduba, angelim ou equivalente da região, inclusive fornecimento e transporte de todos os materiais
A96: Detalhe | D96: Extensão | E96: Largura | F96: Altura | G96: Quantidade | H96: Lados | I96: Área | J96: Total
A97: Telhado principal | D97: 14.32 | E97: 0.6 | H97: 2 | J97: =PRODUCT(D97:H97)-I97 -> 17.184
D98: 17.07 | E98: 0.6 | H98: 2 | J98: =PRODUCT(D98:H98)-I98 -> 20.484
A99: Telhado anexo | D99: 7.06 | E99: 0.6 | H99: 2 | J99: =PRODUCT(D99:H99)-I99 -> 8.472
D100: 7.97 | E100: 0.6 | H100: 1 | J100: =PRODUCT(D100:H100)-I100 -> 4.782
A101: ="TOTAL - "&'Plan. Orçamentária'!F32 -> TOTAL - M2 | J101: =SUM(J97:J100) -> 50.922
A102: ='Plan. Orçamentária'!A33 -> 2.11 | B102: ='Plan. Orçamentária'!D33 -> Peças de madeira em paraju 15 x 8 cm
A103: Detalhe | D103: Extensão | E103: Largura | F103: Altura | G103: Quantidade | H103: Lados | I103: Área | J103: Total
A104: Telhado - terças | D104: 17.1 | J104: =PRODUCT(D104:H104)-I104 -> 17.1
A105: ="TOTAL - "&'Plan. Orçamentária'!F33 -> TOTAL - M | J105: =SUM(J104:J104) -> 17.1
...

Sheet C.P.U
A1: PREFEITURA MUNICIPAL Secretaria de Obras e Serviços Urbanos
A4: OBRA POR EXECUÇÃO INDIRETA
A5: Setor requisitante: Secretaria Municipal de Obras e Serviços Urbanos
A6: Objeto: | B6: Reforma do telhado do Museu Municipal de Arte e História de Nova Era | F6: BDI: | G6: 0.3141 | H6: 44658
A8: COMPOSIÇÃO DE CUSTOS UNITÁRIOS
A9: 1 | B9: ='Plan. Orçamentária'!D27 -> Instalação de calha tipo água furtada de chapa galvanizada nº.26 GSG ,desenvolvimento = 50 cm | G9: M2 | H9: =H17 -> 69.70942
A10: Item | B10: Referência coeficiente | C10: Referência custo unitário | D10: Descrição do insumo / serviço | E10: Unidade | F10: Coeficiente | G10: Custo unitário (R$) | H10: Custo total (R$)
A12: 001.1 | B12: COMPOSIÇÃO | C12: SIN-00001118 | D12: Calha para água furtada de chapa em aço galvanizado NUM26, corte 50cm | E12: M² | F12: 1 | G12: 45.12 | H12: =F12*G12 -> 45.12
A13: 001.2 | B13: COMPOSIÇÃO | C13: ED-50364 | D13: Ajudante de telhadista com encargos complementares | E13: H | F13: 0.5 | G13: 17.87 | H13: =F13*G13 -> 8.935
A14: 001.3 | B14: COMPOSIÇÃO | C14: ED-50386 | D14: Telhadista com encargos complementares | E14: H | F14: 0.5 | G14: 21.89 | H14: =F14*G14 -> 10.945
A15: 001.4 | B15: COMPOSIÇÃO | C15: MATED-17667 | D15: Rebite de repuxo (diâmetro: 3,2m; comprimento: 10m; material: aluminio; acabamento: natural) | E15: UN | F15: 4.2 | G15: 0.06 | H15: =F15*G15 -> 0.252
A16: 001.5 | B16: COMPOSIÇÃO | C16: MATED-8151 | D16: Adesico/selante elastico monocomponente (aplicação: uso geral; base: poliuretano; embalagem: 310ml) | E16: UN | F16: 0.1354839 | G16: 32.9 | H16: =F16*G16 -> 4.4574203
A17: SUB-TOTAL (Item 001): | H17: =SUM(H12:H16) -> 69.70942
A18: 2 | B18: ='Plan. Orçamentária'!D32 -> Execução de guarda pó com tabua de madeira aparelhada 2,5 x 25 cm, maçaranduba, angelim ou equivalente da região, inclusive fornecimento e transporte de todos os materiais | G18: M2 | H18: =H25 -> 63.855
A19: Item | B19: Referência coeficiente | C19: Referência custo unitário | D19: Descrição do insumo / serviço | E19: Unidade | F19: Coeficiente | G19: Custo unitário (R$) | H19: Custo total (R$)
A21: 002.1 | B21: COMPOSIÇÃO | C21: 71.01.05 | D21: Tabua de madeira aparelhada 2,5 x 25 cm, macaranduba, angelim ou equivalente da região | E21: M² | F21: 1 | G21: 42 | H21: =F21*G21 -> 42
A22: 002.2 | B22: COMPOSIÇÃO | C22: ED-50364 | D22: Ajudante de telhadista com encargos complementares | E22: H | F22: 0.5 | G22: 17.87 | H22: =F22*G22 -> 8.935
A23: 002.3 | B23: COMPOSIÇÃO | C23: ED-50386 | D23: Telhadista com encargos complementares | E23: H | F23: 0.5 | G23: 21.89 | H23: =F23*G23 -> 10.945
A24: 002.4 | B24: COMPOSIÇÃO | C24: MATED-11331 | D24: Prego 17x27 com cabeça (comprimento: 62,1mm/diâmetro: 3,0mm/quantidade por quilo: 290) | E24: KG | F24: 0.1 | G24: 19.75 | H24: =F24*G24 -> 1.975
A25: SUB-TOTAL (Item 001): | H25: =SUM(H21:H24) -> 63.855
A26: 3 | B26: ='Plan. Orçamentária'!D34 -> Moldura trabalhada nas extremidades dos caibros (peito de pombo) | G26: M2 | H26: =H30 -> 11.09
A27: Item | B27: Referência coeficiente | C27: Referência custo unitário | D27: Descrição do insumo / serviço | E27: Unidade | F27: Coeficiente | G27: Custo unitário (R$) | H27: Custo total (R$)
A29: 003.2 | B29: COMPOSIÇÃO | C29: ED-50388 | D29: Marceneiro com encargos complementares | E29: H | F29: 0.5 | G29: 22.18 | H29: =F29*G29 -> 11.09
A30: SUB-TOTAL (Item 002): | H30: =SUM(H29:H29) -> 11.09
A31: 4 | B31: ='Plan. Orçamentária'!D38 -> Amarração de todas as telha cerâmica tipo colonial/francesa com arame galvanizado tipo 18 BWG - 1,24mm | G31: M2 | H31: =H37 -> 15.91848
A32: Item | B32: Referência coeficiente | C32: Referência custo unitário | D32: Descrição do insumo / serviço | E32: Unidade | F32: Coeficiente | G32: Custo unitário (R$) | H32: Custo total (R$)
A34: 004.1 | B34: COMPOSIÇÃO | C34: ED-50386 | D34: Telhadista com encargos complementares | E34: H | F34: 0.3 | G34: 21.89 | H34: =F34*G34 -> 6.567
A35: 004.2 | B35: COMPOSIÇÃO | C35: ED-50364 | D35: Ajudante de telhadista com encargos complementares | E35: H | F35: 0.3 | G35: 17.87 | H35: =F35*G35 -> 5.361
A36: 004.3 | B36: COMPOSIÇÃO | C36: SIN-00000345 | D36: Arame galvanizado 18 BWG - 1,24mm (0,009 Kg/m) | E36: KG | F36: =0.004*26 -> 0.104 | G36: 38.37 | H36: =F36*G36 -> 3.99048
A37: SUB-TOTAL (Item 003): | H37: =SUM(H34:H36) -> 15.91848

Sheet BDI
A1: PREFEITURA MUNICIPAL Secretaria de Obras e Serviços Urbanos
A4: ='Plan. Orçamentária'!A4:I4 -> OBRA POR EXECUÇÃO INDIRETA
A5: ='Plan. Orçamentária'!A5:I5 -> Setor requisitante: Secretaria Municipal de Obras e Serviços Urbanos
A6: ='[2]PLANILHA ORÇAMENTÁRIA'!A6 -> Objeto: | B6: ='Plan. Orçamentária'!C6 -> Reforma do telhado do Museu Municipal de Arte e História de Nova Era | J6: ='Plan. Orçamentária'!I6:I7 -> 44799
A7: BDI
A9: Conforme legislação tributária municipal, definir estimativa de percentual da base de cálculo para o ISS: | I9: 0.9
A10: Sobre a base de cálculo, definir a respectiva alíquota do ISS (entre 2% e 5%): | I10: 0.05
A12: BDI 1
A14: TIPO DE OBRA
A15: Contrução e Reforma de Edifícios
A17: Itens | I17: Siglas | J17: % Adotado
A18: =IF($J$20=$A$168,"Encargos Sociais incidentes sobre a mão de obra","Administração Central") -> Administração Central | I18: AC | J18: 0.04
A19: =IF($J$20=$A$168,"Administração Central da empresa ou consultoria - overhead","Seguro e Garantia") -> Seguro e Garantia | I19: SG | J19: 0.008
A20: =IF($J$20=$A$168,"","Risco") -> Risco | I20: R | J20: 0.0127
A21: =IF($J$20=$A$168,"","Despesas Financeiras") -> Despesas Financeiras | I21: DF | J21: 0.0123
A22: =IF($J$20=$A$168,"Margem bruta da empresa de consultoria","Lucro") -> Lucro | I22: L | J22: 0.069
A23: Tributos (impostos COFINS 3%, e PIS 0,65%) | I23: CP | J23: 0.0365
A24: Tributos (ISS, variável de acordo com o município) | I24: ISS | J24: =I10*I9 -> 0.045
A25: Tributos (Contribuição Previdenciária sobre a Receita Bruta - 0% ou 4,5% - Desoneração) | I25: CPRB | J25: 0.045
A26: BDI SEM desoneração (Fórmula Acórdão TCU) | I26: BDI PAD | J26: =(((1+J18+J19+J20)*(1+J21)*(1+J22))/(1-(J23+J24)))-1 -> 0.24968441
A27: BDI COM desoneração | I27: BDI DES | J27: =(((1+(J18+J19+J20))*(1+J21)*(1+J22))/(1-(J23+J24+J25)))-1 -> 0.31406425
A29: Os valores de BDI foram calculados com o emprego da fórmula: | L29: =(1+J18+J19+J20)*(1+J21)*(1+J22) -> 1.1478351 | M29: =(L29/L30)-1 -> 0.31406425
L30: =(1-J23-J24-J25) -> 0.8735
A35: =CONCATENATE("Declaro para os devidos fins que, conforme legislação tributária municipal, a base de cálculo deste tipo de obra corresponde à ",$I$9*100,"%, com a respectiva alíquota de ",$I$10*100,"%.") -> Declaro para os devidos fins que, conforme legislação tributária municipal, a base de cálculo deste tipo de obra corresponde à 90%, com a respectiva alíquota de 5%.
A39: ="Declaro para os devidos fins que o regime de Contribuição Previdenciária sobre a Receita Bruta adotado para elaboração do orçamento foi COM Desoneração, e que esta é a alternativa mais adequada para a Administração Pública." -> Declaro para os devidos fins que o regime de Contribuição Previdenciária sobre a Receita Bruta adotado para elaboração do orçamento foi COM Desoneração, e que esta é a alternativa mais adequada para a Administração Pública.
A43: Observações:
A65: Contrução e Reforma de Edifícios

Sheet Cronograma
A1: PREFEITURA MUNICIPAL Secretaria de Obras e Serviços Urbanos
A4: ='Plan. Orçamentária'!A4:I4 -> OBRA POR EXECUÇÃO INDIRETA
A5: ='Plan. Orçamentária'!A5:I5 -> Setor requisitante: Secretaria Municipal de Obras e Serviços Urbanos
A6: ='Plan. Orçamentária'!A6:B7 -> Objeto: | B6: ='Plan. Orçamentária'!C6 -> Reforma do telhado do Museu Municipal de Arte e História de Nova Era | J6: ='Plan. Orçamentária'!G6:G7 -> BDI: | K6: ='Plan. Orçamentária'!H6:H7 -> 0.31406425 | L6: ='Plan. Orçamentária'!I6:I7 -> 44799
A7: CRONOGRAMA FÍSICO / FINANCEIRO
A8: ITEM | B8: ETAPAS/ DESCRIÇÃO | E8: FÍSICO/ FINANCEIRO | F8: TOTAL ETAPAS | G8: MÊS 1 | H8: MÊS 2 | I8: MÊS 3 | J8: MÊS 4 | K8: MÊS 5 | L8: MÊS 6
A10: ='Plan. Orçamentária'!A11 -> 1.1 | B10: ='Plan. Orçamentária'!D11 -> MOBILIZAÇÃO E DESMOBILIZAÇÃO | E10: Físico % | F10: =SUM(G10:L10) -> 1 | G10: 0.7 | H10: 0 | I10: 0.3
E11: Financeiro | F11: ='Plan. Orçamentária'!I13 -> 0 | G11: =F11*G10 -> 0 | H11: 0 | I11: =F11*I10 -> 0 | N11: =F11 -> 0 | O11: =SUM(G11:L11) -> 0 | P11: =N11-O11 -> 0
A12: ='Plan. Orçamentária'!A14 -> 1.2 | B12: ='Plan. Orçamentária'!D14 -> CANTEIRO DE OBRAS | E12: Físico % | F12: =SUM(G12:L12) -> #DIV/0! | G12: =G13/$F13 -> #DIV/0! | H12: =H13/$F13 -> #DIV/0! | I12: =I13/$F13 -> #DIV/0!
E13: Financeiro | F13: ='Plan. Orçamentária'!I16 -> 0 | G13: ='Plan. Orçamentária'!I16 -> 0 | H13: 0 | I13: 0 | N13: =F13 -> 0 | O13: =SUM(G13:L13) -> 0 | P13: =N13-O13 -> 0
A14: ='Plan. Orçamentária'!A17 -> 1.3 | B14: ='Plan. Orçamentária'!D17 -> ADMINISTRAÇÃO LOCAL | E14: Físico % | F14: =SUM(G14:L14) -> #DIV/0! | G14: =G15/$F15 -> #DIV/0! | H14: =H15/$F15 -> #DIV/0! | I14: =I15/$F15 -> #DIV/0!
E15: Financeiro | F15: ='Plan. Orçamentária'!I20 -> 0 | G15: =('Plan. Orçamentária'!I19/3)+('Plan. Orçamentária'!I18/3) -> 0 | H15: =('Plan. Orçamentária'!I19/3)+('Plan. Orçamentária'!I18/3) -> 0 | I15: =('Plan. Orçamentária'!I19/3)+('Plan. Orçamentária'!I18/3) -> 0 | N15: =F15 -> 0 | O15: =SUM(G15:L15) -> 0 | P15: =N15-O15 -> 0
A16: ='Plan. Orçamentária'!A22 -> 2 | B16: ='Plan. Orçamentária'!D22 -> REFORMA DE TELHADO | E16: Físico % | F16: 1 | G16: =G17/$F17 -> #DIV/0! | H16: =H17/$F17 -> #DIV/0! | I16: =I17/$F17 -> #DIV/0!
E17: Financeiro | F17: ='Plan. Orçamentária'!I42 -> 0 | G17: ='Plan. Orçamentária'!I23+'Plan. Orçamentária'!I24+('Plan. Orçamentária'!I25*0.2)+('Plan. Orçamentária'!I30*0.2)+('Plan. Orçamentária'!I31*0.5)+'Plan. Orçamentária'!I32+'Plan. Orçamentária'!I33+'Plan. Orçamentária'!I34+'Plan. Orçamentária'!I35+('Plan. Orçamentária'!I37*0.5)+('Plan. Orçamentária'!I38*0.2)+('Plan. Orçamentária'!I39*0.35)+('Plan. Orçamentária'!I40*0.35)+'Plan. Orçamentária'!I41 -> 0 | H17: =('Plan. Orçamentária'!I25*0.4)+'Plan. Orçamentária'!I27+('Plan. Orçamentária'!I30*0.4)+('Plan. Orçamentária'!I31*0.5)+('Plan. Orçamentária'!I37*0.5)+('Plan. Orçamentária'!I38*0.4)+('Plan. Orçamentária'!I39*0.35)+('Plan. Orçamentária'!I40*0.35) -> 0 | I17: =('Plan. Orçamentária'!I25*0.4)+'Plan. Orçamentária'!I26+'Plan. Orçamentária'!I28+'Plan. Orçamentária'!I29+('Plan. Orçamentária'!I30*0.4)+'Plan. Orçamentária'!I36+('Plan. Orçamentária'!I38*0.4)+('Plan. Orçamentária'!I39*0.3)+('Plan. Orçamentária'!I40*0.3) -> 0 | N17: =F17 -> 0 | O17: =SUM(G17:L17) -> 0 | P17: =N17-O17 -> 0
A18: ='Plan. Orçamentária'!A43 -> 3 | B18: ='Plan. Orçamentária'!D43 -> LIMPEZA DA OBRA | E18: Físico % | F18: =SUM(G18:L18) -> #DIV/0! | G18: =G19/$F19 -> #DIV/0! | H18: =H19/$F19 -> #DIV/0! | I18: =I19/$F19 -> #DIV/0!
E19: Financeiro | F19: ='Plan. Orçamentária'!I46 -> 0 | G19: =('Plan. Orçamentária'!I44/3) -> 0 | H19: =('Plan. Orçamentária'!I44/3) -> 0 | I19: =('Plan. Orçamentária'!I44/3)+'Plan. Orçamentária'!I45 -> 0 | N19: =F19 -> 0 | O19: =SUM(G19:L19) -> 0 | P19: =N19-O19 -> 0
A20: TOTAL | E20: Físico % | F20: =SUM(G20:L20) -> #DIV/0! | G20: =G21/$F21 -> #DIV/0! | H20: =H21/$F21 -> #DIV/0! | I20: =I21/$F21 -> #DIV/0!
E21: Financeiro | F21: ='Plan. Orçamentária'!I47 -> 0 | G21: =G11+G13+G15+G17+G19 -> 0 | H21: =H11+H13+H15+H17+H19 -> 0 | I21: =I11+I13+I15+I17+I19 -> 0 | N21: =F21 -> 0 | O21: =SUM(G21:L21) -> 0 | P21: =N21-O21 -> 0
A22: Observações:
